 Dungeon Crawl Stone Soup version 0.28-b1-25-g9875b3fc8c (webtiles) character file.

Game seed: 3597274160466834154

194 zeram the Conjurer (level 5, -4/24 HPs)
             Began as a Spriggan Conjurer on Feb 2, 2022.
             Slain by a gnoll (17 damage)
             ... on level 4 of the Dungeon.
             The game lasted 00:09:06 (5259 turns).

zeram the Conjurer (Spriggan Conjurer)              Turns: 5259, Time: 00:09:07

Health: -4/24      AC:  2    Str:  3    XL:     5   Next: 44%
Magic:  5/12       EV: 18    Int: 22    God:
Gold:   83         SH:  0    Dex: 13    Spells: 2/12 levels left

rFire   . . .      SeeInvis +   k - +0 dagger
rCold   . . .      Faith    .   (no shield)
rNeg    . . .      Spirit   .   a - +0 robe
rPois   .          Reflect  .   (helmet restricted)
rElec   .          Harm     .   (no cloak)
rCorr   .          Rampage  .   (gloves unavailable)
Will    .....                   (boots unavailable)
Stlth   ++........              (no amulet)
HPRegen 0.08/turn               c - ring of flight
MPRegen 0.13/turn               (no ring)

@: flying, very quick
A: very small, no large weapons, unfitting armour, see invisible, speed 3
a: no special abilities


You were on level 4 of the Dungeon.
You visited 1 branch of the dungeon, and saw 4 of its levels.

You collected 83 gold pieces.

Inventory:

Hand Weapons
 k - a +0 dagger (weapon)
Missiles
 n - 11 poisoned darts (quivered)
Armour
 a - a +0 robe (worn)
Jewellery
 c - a ring of flight (left hand)
 d - a ring of fire
 l - a ring of wizardry
Wands
 h - a wand of acid (19)
Scrolls
 b - a scroll of fog
 e - 2 scrolls of teleportation
 m - a scroll of identify
 o - 3 scrolls of noise {unknown}
 p - a scroll of amnesia {unknown}
 r - a scroll of immolation {unknown}
 s - a scroll of enchant weapon {unknown}
Potions
 f - 2 potions of magic
 g - 3 potions of might
 i - a potion of attraction
 j - a potion of heal wounds
 q - a potion of cancellation {unknown}
 t - a potion of degeneration {unknown}


   Skills:
 + Level 4.0 Dodging
 - Level 3.0 Stealth
 + Level 4.2 Spellcasting
 + Level 4.2 Conjurations


You had 2 spell levels left.
You knew the following spells:

 Your Spells              Type           Power      Damage    Failure   Level
a - Magic Dart            Conj           92%        1d7       1%          1
b - Searing Ray           Conj           46%        2d6       2%          2
c - Dazzling Flash        Conj/Hex       28%        N/A       14%         3
d - Fulminant Prism       Conj/Hex       7%         3d7       41%         4

Your spell library contained the following spells:

 Spells                   Type           Power      Damage    Failure   Level
 Apportation              Tloc           8%         N/A       11%         1
 Iskenderun's Mystic Bla  Conj/Tloc      14%        2d5       41%         4
 Alistair's Intoxication  Tmut/Pois      2%         N/A       97%         5


Dungeon Overview and Level Annotations

Branches:
Dungeon (4/15)
 Temple: D:4-7

Altars:

Shops:
D:1 !=


Innate Abilities, Weirdness & Mutations

You are very small and have problems with some larger weapons.
You are too small for most types of armour.
You have supernaturally acute eyesight. (SInv)
You cover ground extremely quickly. (Speed+++)


Message History

Casting: Searing Ray (safe; 3% risk of failure)
Confirm with . or Enter, or press ? or * to list all spells.
Aiming: Searing Ray (safe; 3% risk of failure)
Press: ? - help, Shift-Dir - straight line, f - adder
Aim: an adder (severely wounded, 63% to hit)
The searing ray hits the adder.
You kill the adder! (Press . to maintain the ray.) Unknown command.
No target in view!
No target in view!
No target in view!
Unknown command.
No target in view!
Casting: Searing Ray (safe; 2% risk of failure)
Confirm with . or Enter, or press ? or * to list all spells.
Aiming: Searing Ray (safe; 2% risk of failure)
Press: ? - help, Shift-Dir - straight line, f - giant cockroach
Aim: a giant cockroach (asleep, 100% to hit)
The searing ray hits the giant cockroach.
The giant cockroach is almost dead.
The searing ray hits the gnoll!
The gnoll is heavily wounded. (Press . to maintain the ray.)
You hear a shout!
A gnoll comes into view. It is wielding a +0 halberd.
The searing ray hits the giant cockroach.
You kill the giant cockroach!
The searing ray hits the gnoll.
The gnoll is almost dead.
The searing ray hits the gnoll.
The gnoll is lightly wounded.
The gnoll closely misses you.
The gnoll hits you from afar with a +0 halberd!
The searing ray hits the gnoll.
The gnoll is severely wounded.
You finish channelling your searing ray.
The gnoll hits you from afar with a +0 halberd!
Ouch! That really hurt!
You die...

.... .# ...... ####.#
....... # .....# .......#.
...... .... .........
.....## .....
......#.###gg##..# ....###
..........#..##).## ......
..........@.###...# #..##
.............#..).## #.#.
...........#.......# ###...
.....##...##.#.....###..#..
..........#..#............#
.................#.#.#.#...
..........##..............
#.......#..#^...#.#.#.#...
.##......#.>...............


You could see 2 gnolls.

Vanquished Creatures
  A scorpion (D:4)
  Robin (D:3)
  A gnoll (D:4)
  3 adders
  2 worms
  A dart slug (D:3)
  An orc (D:3)
  2 endoplasms
  4 giant cockroaches
  14 goblins
  9 hobgoblins
  5 jackals
  7 quokkas
  6 ball pythons
  4 bats
  6 frilled lizards
  8 kobolds
  A quokka skeleton (D:4)
  A rat (D:2)
77 creatures vanquished.

Notes
Turn   | Place    | Note
-------+----------+-------------------------------------------
     0 | D:1      | zeram the Spriggan Conjurer began the quest for the Orb.
     0 | D:1      | Reached XP level 1. HP: 9/9 MP: 5/5
    91 | D:1      | Found Qusuq's Distillery.
   451 | D:1      | Reached XP level 2. HP: 13/13 MP: 4/6
   504 | D:1      | Found Vuennez's One-of-a-Kind Rings.
   897 | D:1      | Learned a level 2 spell: Searing Ray
  1627 | D:2      | Reached XP level 3. HP: 16/16 MP: 4/8
  1631 | D:2      | Learned a level 3 spell: Dazzling Flash
  1994 | D:2      | Found a faded altar of an unknown god.
  3458 | D:3      | Reached XP level 4. HP: 21/21 MP: 2/9
  3528 | D:3      | Noticed Robin
  3732 | D:3      | Killed Robin
  4770 | D:4      | Learned a level 4 spell: Fulminant Prism
  4919 | D:4      | Noticed a scorpion
  4927 | D:4      | Killed a scorpion
  4928 | D:4      | Reached XP level 5. HP: 18/24 MP: 2/12
  5259 | D:4      | Slain by a gnoll

Illustrated notes

Levels and vault maps discovered:
D:1:      pf_arrival_petrified_forest, layout_rooms, serial_shops,
          nicolae_shop_trees, nicolae_shop_unique_rings, hex_tiny
D:2:      layout_loops_corners, hellmonk_ecumenical_altar_lost_god,
          minmay_statues_item
D:3:      layout_loops_ring, minmay_starry_boxes, uniq_robin
D:4:      layout_cave_pools, glass_columns_c, uniq_crazy_yiuf_cottage

Skill      XL: |  1  2  3  4  5 |
---------------+----------------+-----
Conjurations   | 3 4 |  4.2
Spellcasting   | 3 4 |  4.2
Dodging        | 3 4 |  4.0
Stealth        | |  3.0

Action                   |  1- 3 |  4- 6 || total
-------------------------+-------+-------++-------
Melee: Unarmed           |   125 |       ||   125
       Punch             |     2 |       ||     2
       Dagger            |       |     7 ||     7
 Cast: Magic Dart        |    64 |    38 ||   102
       Searing Ray       |    14 |    13 ||    27
  Use: Scroll            |     6 |       ||     6
 Stab: Sleeping          |     1 |     3 ||     4
Armor: Robe              |    17 |     1 ||    18
Dodge: Dodged            |   133 |    20 ||   153
